[Event "Titled Tuesday Blitz April 11 Early 2023"]
[White "Qashashvili, Alexandre"]
[Black "Sreyas Payyappat"]
[WhiteFideId "13600842"]
[BlackFideId "46674969"]
[WhiteElo "2405"]
[BlackElo "2083"]
[Result "1-0"]
[Round "03"]
[TimeControl "180+2"]
[Date "2023.04.11"]
[WhiteClock "0:00:17"]
[BlackClock "0:01:11"]

1. e4 c6 2. d4 d5 3. exd5 cxd5 4. c3 Nc6 5. Nf3 Bg4 6. Be2 Qc7 7. h3 Bxf3 8. Bxf3 Nf6 9. O-O e6 10. Re1 Bd6 11. Bg5 O-O-O 12. Nd2 h6 13. Be3 e5 14. dxe5 Bxe5 15. Nb3 g5 16. Nd4 Nxd4 17. Bxd4 Bxd4 18. Qxd4 Qb6 19. Qxb6 axb6 20. Rad1 Rd7 21. Re5 Rhd8 22. Rf5 Rd6 23. Rd4 R8d7 24. Rxf6 Rxf6 25. Bg4 Rd6 26. Kf1 Re6 27. Bxe6 fxe6 28. h4 e5 29. Rb4 Kc7 30. hxg5 hxg5 31. Ke2 Kc6 32. a3 b5 33. Rg4 Rg7 34. Rg3 Kd6 35. Rh3 g4 36. Rh6+ Kc5 37. Kd3 e4+ 38. Kc2 Rf7 39. f3 gxf3 40. gxf3 exf3 41. b4+ Kc4 42. Rh4+ d4 43. Rxd4# 1-0


[Site "https://www.chess.com"]

[Event "Titled Tuesday Blitz April 11 Early 2023"]
[White "Dushyant Sharma"]
[Black "Alahakoon, Isuru"]
[WhiteFideId "25065130"]
[BlackFideId "9900993"]
[WhiteElo "2198"]
[BlackElo "1995"]
[Result "1-0"]
[Round "03"]
[TimeControl "180+2"]
[Date "2023.04.11"]
[WhiteClock "0:00:06"]
[BlackClock "0:00:02"]

1. e4 d5 2. exd5 Nf6 3. Nc3 Nxd5 4. Bc4 e6 5. Qf3 c6 6. Nge2 Nd7 7. Qg3 g6 8. d3 Bg7 9. Bg5 f6 10. Bd2 O-O 11. h4 Ne5 12. Bb3 a5 13. f4 Nd7 14. h5 Qe8 15. f5 g5 16. fxe6 Qxe6 17. O-O-O h6 18. Nd4 Qf7 19. Nf5 Nc5 20. Bc4 b5 21. Nd6 Qd7 22. Nxd5 bxc4 23. Nb6 Qa7 24. Ndxc8 Rfxc8 25. Nxc8 Rxc8 26. dxc4 Ne4 27. Qg4 f5 28. Qxf5 Rb8 29. c3 Qb7 30. b3 a4 31. b4 Ng3 32. Qe6+ Kh8 33. Rhe1 a3 34. Be3 Nxh5 35. Bd4 Bxd4 36. Rxd4 Qg7 37. Red1 Nf4 38. Rd8+ 1-0


[Site "https://www.chess.com"]

[Event "Titled Tuesday Blitz April 11 Early 2023"]
[White "Goffredo_Fofi"]
[Black "Makhmudov, Shukhrat"]
[BlackFideId "14200775"]
[WhiteElo "2503"]
[BlackElo "2135"]
[Result "1-0"]
[Round "03"]
[TimeControl "180+2"]
[Date "2023.04.11"]
[WhiteClock "0:00:13"]
[BlackClock "0:00:13"]

1. d4 Nf6 2. Nf3 d5 3. Bf4 c5 4. e3 Nc6 5. Nbd2 Qb6 6. dxc5 Qxb2 7. Rb1 Qxa2 8. Bb5 Qa3 9. O-O Qxc5 10. c4 e6 11. Nb3 Qe7 12. Ne5 Bd7 13. Nxd7 Qxd7 14. Na5 Be7 15. Bxc6 bxc6 16. Rb7 Qc8 17. Qa4 Bd8 18. Bd6 Bxa5 19. Re7+ Kf8 20. Rc7+ Kg8 21. Rxc8+ Rxc8 22. Qxa5 Ne4 23. Qa6 Nxd6 24. c5 Rf8 25. cxd6 h6 26. d7 Kh7 27. Qxc6 Rd8 28. Ra1 Ra8 29. Qc7 Rhd8 30. Rxa7 Rxa7 31. Qxa7 Kg6 32. g4 Kf6 33. Qc7 Ke7 34. Kg2 Rxd7 35. Qe5 g6 36. Qg7 h5 37. gxh5 gxh5 38. Qg5+ Kd6 39. Qxh5 Rd8 40. Kf3 Rf8 41. Qh6 Ke7 42. Qg7 Ra8 43. h4 Ra4 44. h5 Rh4 45. Qg5+ 1-0


[Site "https://www.chess.com"]

[Event "Titled Tuesday Blitz April 11 Early 2023"]
[White "Ginzburg, Yakov"]
[Black "Jiganchine, Roman"]
[WhiteFideId "4157176"]
[BlackFideId "2603667"]
[WhiteElo "2305"]
[BlackElo "2285"]
[Result "1-0"]
[Round "03"]
[TimeControl "180+2"]
[Date "2023.04.11"]
[WhiteClock "0:00:17"]
[BlackClock "0:00:02"]

1. Nf3 d5 2. d4 Nf6 3. c4 e6 4. Nc3 c5 5. g3 cxd4 6. Nxd4 e5 7. Nf3 d4 8. Nxe5 dxc3 9. Qxd8+ Kxd8 10. Nxf7+ Ke8 11. Nxh8 Bb4 12. b3 Nc6 13. a3 Nd4 14. Ra2 Nxb3 15. axb4 Nxc1 16. Rc2 Nb3 17. Rxc3 Nd4 18. Bg2 Kf8 19. e3 Nc6 20. b5 Ne7 21. O-O Kg8 22. Rd1 Be6 23. Bxb7 Rb8 24. Rd6 Kxh8 25. Rxe6 Rxb7 26. Rd3 Kg8 27. Kg2 Kf7 28. Ra6 Rc7 29. Rd4 Nf5 30. Rf4 Ne7 31. g4 Ng6 32. Rd4 Ne5 33. g5 Nfd7 34. Ra4 Nc5 35. Ra3 g6 36. f4 Ned7 37. Kf3 Nb6 38. h4 Ne6 39. Re4 Nc5 40. Rd4 Ne6 41. Rd1 Nxc4 42. Ra2 Nb6 43. Rda1 Nc8 44. h5 gxh5 45. Rh1 Ng7 46. Ra6 Nb6 47. Rha1 Nc8 48. Rc6 Rxc6 49. bxc6 Ne6 50. Ke4 Ke7 51. Rh1 Ng7 52. Ke5 Nd6 53. e4 h4 54. f5 Nc4+ 55. Kd4 Nd2 56. f6+ Kf7 57. fxg7 Kxg7 58. c7 1-0


[Site "https://www.chess.com"]

[Event "Titled Tuesday Blitz April 11 Early 2023"]
[White "sebastianmarinp"]
[Black "Rodchenkov, Sergey D."]
[BlackFideId "4168712"]
[WhiteElo "2280"]
[BlackElo "2277"]
[Result "1-0"]
[Round "03"]
[TimeControl "180+2"]
[Date "2023.04.11"]
[WhiteClock "0:00:08"]
[BlackClock "0:00:08"]

1. e4 c5 2. Nf3 d6 3. d4 cxd4 4. Nxd4 Nf6 5. Nc3 a6 6. h3 e5 7. Nde2 h5 8. Bg5 Be6 9. Qd3 Nbd7 10. O-O-O Be7 11. Kb1 b5 12. Ng3 Nc5 13. Qf3 b4 14. Bxf6 Bxf6 15. Nd5 Bxd5 16. Rxd5 g6 17. Bc4 O-O 18. Rhd1 Nb7 19. b3 Bg7 20. Nf1 a5 21. Rb5 Qc7 22. Ne3 Nc5 23. Nd5 Qd8 24. g4 h4 25. Ne3 Qe7 26. Rb6 Rfd8 27. Nd5 Qa7 28. Rc6 a4 29. Nf6+ Kh8 30. Rcxd6 Rxd6 31. Rxd6 axb3 32. Bxb3 Nxb3 33. Qxb3 Qxf2 34. Qxf7 Qe1+ 35. Kb2 Qc3+ 36. Kb1 Qe1+ 37. Kb2 Rc8 38. Qb3 Qf1 39. g5 Qe1 40. Qd3 Qc3+ 41. Qxc3 bxc3+ 42. Kb3 Bf8 43. Re6 Kg7 44. Re8 Rc6 45. Rxe5 Rb6+ 46. Kxc3 Rc6+ 47. Kb3 Bd6 48. Rd5 Rb6+ 49. Kc4 Ra6 50. e5 Be7 51. Rd7 Kf8 52. Kd5 Rxa2 53. Ke6 Ra6+ 54. Rd6 Bxd6 55. exd6 Rc6 56. c4 Rxc4 57. d7 Rd4 58. Nd5 Rxd5 59. Kxd5 Ke7 60. Ke5 Kd8 61. Kf6 Kxd7 62. Kxg6 Ke6 63. Kh5 Ke5 64. Kxh4 Kf5 65. Kh5 Kf4 66. g6 1-0


[Site "https://www.chess.com"]

[Event "Titled Tuesday Blitz April 11 Early 2023"]
[White "Shapiro, Viktor"]
[Black "Zaichenko, Daria"]
[WhiteFideId "4175700"]
[BlackFideId "4197453"]
[WhiteElo "2152"]
[BlackElo "2039"]
[Result "1-0"]
[Round "03"]
[TimeControl "180+2"]
[Date "2023.04.11"]
[WhiteClock "0:00:05"]
[BlackClock "0:00:01"]

1. c4 e6 2. Nc3 d5 3. d4 Be7 4. Nf3 Nf6 5. Bg5 O-O 6. e3 Nbd7 7. cxd5 exd5 8. Bd3 c5 9. O-O cxd4 10. exd4 h6 11. Bf4 Nb6 12. Ne5 Be6 13. Qb3 Nfd7 14. Rfe1 Nxe5 15. Bxe5 Bf6 16. a4 Bxe5 17. Rxe5 a5 18. Rae1 Rc8 19. f4 Nc4 20. R5e2 Bg4 21. Re7 Rc7 22. Rxc7 Qxc7 23. Nxd5 Nd2 24. Qb5 Qd6 25. h3 Be6 26. Ne7+ Qxe7 27. d5 Qh4 28. Re2 Qxf4 29. dxe6 fxe6 30. Qe5 Qf1+ 31. Kh2 Qc1 32. Qxe6+ Kh8 33. Re1 Qc7+ 34. Qe5 Qxe5+ 35. Rxe5 Rf2 36. Kg3 Rf8 37. Rxa5 g5 38. Rb5 Rd8 39. Bc2 Rc8 40. Bf5 Rc4 41. b3 Rc3+ 42. Kf2 Nxb3 43. Be4 Nd2 44. Bxb7 Ra3 45. a5 Nc4 46. a6 Ra2+ 47. Kf3 Nd2+ 48. Kg4 Ne4 49. Kf5 Nd6+ 50. Ke6 Nxb5 51. Kd7 Ra3 52. Kc6 Nd4+ 53. Kc5 Ne2 54. Kb4 Ra2 55. Kb5 1-0


[Site "https://www.chess.com"]

[Event "Titled Tuesday Blitz April 11 Early 2023"]
[White "Lorenzo De La Riva, Lazaro"]
[Black "Zou, Brendan"]
[WhiteFideId "2268809"]
[BlackFideId "3221296"]
[WhiteElo "2294"]
[BlackElo "1852"]
[Result "1-0"]
[Round "03"]
[TimeControl "180+2"]
[Date "2023.04.11"]
[WhiteClock "0:01:27"]
[BlackClock "0:00:03"]

1. d4 Nf6 2. Nf3 e6 3. Bf4 d5 4. e3 c5 5. c3 Nc6 6. Nbd2 Qb6 7. Qb3 Be7 8. Be2 O-O 9. h3 cxd4 10. exd4 Qxb3 11. axb3 h6 12. b4 Nd7 13. O-O f6 14. Bg3 Re8 15. Rfe1 Nf8 16. b5 Nd8 17. Nb3 Nf7 18. Bd3 Bd6 19. Bxd6 Nxd6 20. Nc5 b6 21. Na6 Bxa6 22. Rxa6 Re7 23. Rea1 Nh7 24. Rxb6 Nc8 25. Rc6 Ng5 26. Nd2 Rb7 27. h4 1-0


[Site "https://www.chess.com"]

[Event "Titled Tuesday Blitz April 11 Early 2023"]
[White "Lopez, Henry"]
[Black "lluiss"]
[WhiteFideId "5203830"]
[WhiteElo "2177"]
[BlackElo "2262"]
[Result "1-0"]
[Round "03"]
[TimeControl "180+2"]
[Date "2023.04.11"]
[WhiteClock "0:02:25"]
[BlackClock "0:01:02"]

1. d4 Nf6 2. Nf3 g6 3. c4 Bg7 4. Nc3 d5 5. h4 dxc4 6. e4 c5 7. d5 e6 8. Bxc4 exd5 9. Nxd5 Nxd5 10. Bxd5 O-O 11. h5 Bg4 12. hxg6 hxg6 13. Qb3 Bxf3 14. Qxf3 Nc6 15. Qh3 Re8 16. Qh7+ Kf8 17. Bh6 Qxd5 18. Qxg7+ Ke7 19. exd5 1-0


[Site "https://www.chess.com"]

[Event "Titled Tuesday Blitz April 11 Early 2023"]
[White "Palacio,Igor Da Paz"]
[Black "Shubenkova, Veronika"]
[WhiteFideId "2121140"]
[BlackFideId "44124040"]
[WhiteElo "2126"]
[BlackElo "2027"]
[Result "0-1"]
[Round "03"]
[TimeControl "180+2"]
[Date "2023.04.11"]
[WhiteClock "0:00:02"]
[BlackClock "0:00:11"]

1. e4 e6 2. d4 d5 3. Nd2 Nf6 4. Bd3 c5 5. c3 Nc6 6. Ngf3 a6 7. O-O Be7 8. Re1 b5 9. exd5 exd5 10. h3 O-O 11. Nf1 cxd4 12. Nxd4 Nxd4 13. cxd4 Bb7 14. Bf4 Ne4 15. f3 Nf6 16. a3 Re8 17. Rc1 Qb6 18. Bb1 Bd6 19. Rxe8+ Rxe8 20. Bg5 Nh5 21. Qd3 g6 22. Qd2 Bb8 23. b4 Qd6 24. Re1 Bc6 25. Rxe8+ Bxe8 26. Qe3 Bd7 27. Kf2 Be6 28. Bd3 Ng3 29. Nxg3 Qxg3+ 30. Kf1 Qh2 31. Bf6 Bg3 32. Qg1 Qxg1+ 33. Kxg1 Bf4 34. Kf2 Bc1 35. a4 Bd7 36. axb5 axb5 37. Be7 Bb2 38. Bc5 Bc1 39. Ke2 Kg7 40. Bc2 f5 41. Bb3 Be6 42. Kd1 Bf4 43. Ke2 g5 44. Kf2 Kf6 45. g3 Bc1 46. g4 Bf4 47. Bc2 fxg4 48. hxg4 h6 49. Bd3 Bd7 50. Ke2 Kg7 51. Kf2 Be8 52. Bf1 h5 53. gxh5 Kh6 54. Bh3 Kxh5 55. Be6 Bc6 56. Kg2 Bd2 57. Kh3 Kg6 58. Kg4 Kf6 59. Bf5 Be8 60. Bc8 Bc1 61. Bf5 Bd2 62. Bc8 Be3 63. Bf5 Bh5+ 64. Kxh5 Kxf5 65. Bb6 Kf4 66. Kg6 Kxf3 67. Kf6 g4 68. Ke5 g3 69. Kxd5 g2 70. Kc6 g1=Q 71. Kxb5 Qf1+ 72. Ka5 Qc4 73. d5 Bxb6+ 74. Kxb6 Qxb4+ 75. Kc6 Ke4 76. d6 Qc4+ 77. Kd7 Ke5 0-1


[Site "https://www.chess.com"]

[Event "Titled Tuesday Blitz April 11 Early 2023"]
[White "Albuquerque Junior,Wellington S."]
[Black "Santos Flores, Alberto"]
[WhiteFideId "2151480"]
[BlackFideId "3601234"]
[WhiteElo "2109"]
[BlackElo "2235"]
[Result "0-1"]
[Round "03"]
[TimeControl "180+2"]
[Date "2023.04.11"]
[WhiteClock "0:00:17"]
[BlackClock "0:00:42"]

1. c4 c6 2. Nf3 d5 3. g3 Nf6 4. Bg2 Bg4 5. Ne5 Be6 6. d4 dxc4 7. e4 Nbd7 8. Nxd7 Qxd7 9. Be3 g6 10. Nc3 Bg7 11. d5 cxd5 12. exd5 Bf5 13. O-O O-O 14. Re1 Rad8 15. Bxa7 b5 16. Bc5 Rfe8 17. a4 bxa4 18. Rxa4 e6 19. dxe6 Bxe6 20. Qxd7 Nxd7 21. Ba3 Rc8 22. h4 Nc5 23. Bxc5 Rxc5 24. Re2 Rb8 25. Ra8 Rxa8 26. Bxa8 Kf8 27. Bf3 Bf5 28. Rd2 Rc8 29. Bd5 Bd3 30. Kg2 Bh6 31. Rd1 Rb8 32. Be4 Bxe4+ 33. Nxe4 Rxb2 34. Rd8+ Ke7 35. Rc8 Rc2 36. Rc7+ Ke6 37. Ng5+ Bxg5 38. hxg5 c3 39. Kf3 Rc1 40. Kg4 c2 41. f4 Kd6 42. Rc8 Kd5 43. Rc7 Kd4 44. Rd7+ Ke3 45. Re7+ Kf2 46. Rc7 Ke1 47. Re7+ Kd2 48. Rd7+ Ke3 49. Re7+ Kd4 50. Rd7+ Kc5 51. Rc7+ Kd6 52. Rc3 Ke6 53. Rc8 f5+ 54. gxf6 Kxf6 55. Rc3 h5+ 56. Kf3 Rf1+ 0-1


[Site "https://www.chess.com"]

[Event "Titled Tuesday Blitz April 11 Early 2023"]
[White "Erzhanov, Arman"]
[Black "Warchol, Kamil"]
[WhiteFideId "4138821"]
[BlackFideId "21858241"]
[WhiteElo "2138"]
[BlackElo "2017"]
[Result "1-0"]
[Round "03"]
[TimeControl "180+2"]
[Date "2023.04.11"]
[WhiteClock "0:01:49"]
[BlackClock "0:00:01"]

1. e4 c5 2. Nf3 e6 3. b3 Nc6 4. Bb5 a6 5. Bxc6 bxc6 6. Bb2 d5 7. d3 a5 8. O-O a4 9. c4 Ne7 10. Nc3 a3 11. Bc1 g6 12. Na4 dxe4 13. dxe4 Qa5 14. Bxa3 Ba6 15. Bb2 Rg8 16. Ne5 Bg7 17. Qd7+ Kf8 18. Qxe7+ Kxe7 19. Nxc6+ Kf8 20. Nxa5 1-0


[Site "https://www.chess.com"]

[Event "Titled Tuesday Blitz April 11 Early 2023"]
[White "Savitha Shri B"]
[Black "Nugumanov, Bakhtiyar"]
[WhiteFideId "35061887"]
[BlackFideId "13701797"]
[WhiteElo "2191"]
[BlackElo "2209"]
[Result "1-0"]
[Round "03"]
[TimeControl "180+2"]
[Date "2023.04.11"]
[WhiteClock "0:02:05"]
[BlackClock "0:00:01"]

1. Nf3 b6 2. Nc3 Bb7 3. d4 e6 4. e4 Bb4 5. Bd3 Nf6 6. e5 Ne4 7. O-O Nxc3 8. bxc3 Bxc3 9. Rb1 Nc6 10. Ba3 Nxd4 11. Nxd4 Bxd4 12. Qg4 Bxe5 13. Rfe1 Qf6 14. Be4 Bxe4 15. Qxe4 Bxh2+ 16. Kxh2 c6 17. Rb3 Rd8 18. Rf3 Qh6+ 19. Kg1 d5 20. Qe5 1-0


[Site "https://www.chess.com"]

[Event "Titled Tuesday Blitz April 11 Early 2023"]
[White "Adithya A Chullikkad"]
[Black "Kukreja, Sankalp"]
[WhiteFideId "45078734"]
[BlackFideId "45027676"]
[WhiteElo "1984"]
[BlackElo "2126"]
[Result "1-0"]
[Round "03"]
[TimeControl "180+2"]
[Date "2023.04.11"]
[WhiteClock "0:00:54"]
[BlackClock "0:01:06"]

1. d4 d5 2. Nf3 Nf6 3. c4 c6 4. Nc3 dxc4 5. a4 e6 6. e4 c5 7. d5 exd5 8. exd5 Nbd7 9. Bxc4 Nb6 10. Bb5+ Bd7 11. Qe2+ Qe7 12. Bxd7+ Nfxd7 13. Be3 g6 14. d6 Qxd6 15. Bd4+ 1-0


[Site "https://www.chess.com"]

[Event "Titled Tuesday Blitz April 11 Early 2023"]
[White "Bas Mas, Jose Joaquin"]
[Black "Sohier, Julien"]
[WhiteFideId "22219064"]
[BlackFideId "645346"]
[WhiteElo "2233"]
[BlackElo "2209"]
[Result "1/2-1/2"]
[Round "03"]
[TimeControl "180+2"]
[Date "2023.04.11"]
[WhiteClock "0:01:02"]
[BlackClock "0:00:27"]

1. e4 e5 2. Bc4 Nc6 3. Nc3 Nf6 4. d3 Bb4 5. Ne2 d5 6. exd5 Nxd5 7. O-O Nxc3 8. bxc3 Bd6 9. a4 O-O 10. a5 a6 11. f4 exf4 12. Nxf4 Qh4 13. g3 Qg4 14. Qxg4 Bxg4 15. Kg2 Rae8 16. d4 g6 17. Nd5 Be2 18. Nf6+ Kh8 19. Nxe8 Bxf1+ 20. Kxf1 Rxe8 21. Bg5 Kg7 22. Kg2 f6 23. Bd2 h5 24. h3 Re7 25. Kf2 Nd8 26. Rb1 g5 27. Bd5 c6 28. Bf3 Kg6 29. c4 Ne6 30. c3 Bc7 31. Ra1 Bd6 32. c5 Bc7 33. Be4+ f5 34. Bd3 Kf6 35. Kg2 f4 36. h4 gxh4 37. gxf4 Nxf4+ 38. Bxf4 Bxf4 39. Rb1 Re3 40. Rd1 h3+ 41. Kf2 h4 42. c4 Rg3 43. Be4 h2 44. d5 Be3+ 45. Ke2 Bxc5 46. dxc6 bxc6 47. Bxc6 Rg1 48. Rf1+ Ke5 49. Bb7 Kd4 50. Bd5 Rxf1 51. Kxf1 h1=Q+ 52. Bxh1 Kxc4 53. Bb7 Kb5 54. Bxa6+ Kxa6 55. Kg2 Kxa5 56. Kh1 Bd6 57. Kg1 Bg3 58. Kh1 Kb4 59. Kg1 Kc3 60. Kh1 Kd2 61. Kg1 Ke3 62. Kh1 Kf4 63. Kg1 Kg5 64. Kh1 Kf6 65. Kg1 Ke5 66. Kh1 Kf6 67. Kg1 Ke5 68. Kh1 Kf6 1/2-1/2


[Site "https://www.chess.com"]

[Event "Titled Tuesday Blitz April 11 Early 2023"]
[White "Larina, Maria"]
[Black "Estrada Nieto, Julian"]
[WhiteFideId "24113182"]
[BlackFideId "5101018"]
[WhiteElo "1848"]
[BlackElo "2161"]
[Result "0-1"]
[Round "03"]
[TimeControl "180+2"]
[Date "2023.04.11"]
[WhiteClock "0:00:18"]
[BlackClock "0:01:21"]

1. e4 e5 2. Nf3 Nc6 3. Nc3 Nf6 4. Bb5 Bb4 5. O-O Bxc3 6. bxc3 O-O 7. Bxc6 dxc6 8. Nxe5 Re8 9. d4 Nxe4 10. Qf3 Nd6 11. Ba3 f6 12. Nd3 Be6 13. Nf4 Bc4 14. Rfe1 Qd7 15. Nh5 Rxe1+ 16. Rxe1 Re8 17. Re3 Kf7 18. Nf4 Qf5 19. g4 Qxc2 20. Bxd6 Qc1+ 21. Kg2 Qf1+ 22. Kg3 Qg1+ 23. Ng2 cxd6 24. Rxe8 Kxe8 25. g5 Bf1 26. gxf6 gxf6 27. Qe4+ Kf8 28. Qf3 Qxg2+ 29. Qxg2 Bxg2 30. Kxg2 Kf7 31. Kf3 b5 32. Kf4 Ke6 33. f3 a5 34. h4 c5 35. h5 cxd4 36. cxd4 b4 37. Ke4 d5+ 38. Kd3 Kf5 39. Ke3 a4 40. f4 b3 41. axb3 axb3 42. Kd3 Kxf4 0-1


[Site "https://www.chess.com"]

[Event "Titled Tuesday Blitz April 11 Early 2023"]
[White "Kiseleva, Arina"]
[Black "Inepton_Fermion"]
[WhiteFideId "4164989"]
[WhiteElo "1708"]
[BlackElo "2424"]
[Result "1-0"]
[Round "03"]
[TimeControl "180+2"]
[Date "2023.04.11"]
[WhiteClock "0:00:23"]
[BlackClock "0:00:01"]

1. d4 g6 2. Nf3 Bg7 3. c4 d6 4. Nc3 c5 5. e3 Nc6 6. Be2 Bg4 7. d5 Bxf3 8. Bxf3 Bxc3+ 9. bxc3 Ne5 10. Be2 f5 11. Qb3 Nf6 12. Bd2 O-O 13. h4 Rb8 14. h5 g5 15. f4 gxf4 16. exf4 Neg4 17. Qc2 Qd7 18. Bd3 e6 19. O-O-O exd5 20. Bxf5 Qf7 21. cxd5 Qxd5 22. c4 Qd4 23. Be6+ Kh8 24. Bxg4 Qa1+ 25. Qb1 Qxb1+ 26. Kxb1 Nxg4 27. Bc3+ Kg8 28. Rxd6 Rxf4 29. Rd7 Rf7 30. Rhd1 Rbf8 31. R7d5 Rf5 32. Rd7 R5f7 33. Rxf7 Rxf7 34. Rd8+ Rf8 35. Rd7 Rf7 36. Rd8+ Rf8 37. Rd7 Rf7 38. Rd5 b6 39. Rg5+ Kf8 40. Rxg4 Rf5 41. h6 Rf2 42. Bg7+ Kf7 43. g3 Ke6 44. Rf4 1-0


[Site "https://www.chess.com"]

[Event "Titled Tuesday Blitz April 11 Early 2023"]
[White "Sargissyan, Sargis"]
[Black "FuenfgegenWilly"]
[WhiteFideId "13303210"]
[WhiteElo "2109"]
[BlackElo "2215"]
[Result "1-0"]
[Round "03"]
[TimeControl "180+2"]
[Date "2023.04.11"]
[WhiteClock "0:00:18"]
[BlackClock "0:01:06"]

1. e4 e5 2. Nf3 Nc6 3. Bb5 a6 4. Ba4 d6 5. c3 Bd7 6. d4 Be7 7. d5 Nb8 8. c4 h6 9. Nc3 Bg5 10. O-O Qf6 11. Be3 Ne7 12. c5 Bxe3 13. fxe3 dxc5 14. Nd4 Qg6 15. Bxd7+ Nxd7 16. Nf5 Nxf5 17. Rxf5 O-O 18. Qf3 b5 19. Rd1 Qd6 20. Rf1 f6 21. h4 c4 22. Qh5 Kh7 23. R5f3 Qe7 24. Rg3 Qf7 25. Qf5+ Kh8 26. Rgf3 Nc5 27. Qxe5 Nd3 28. Qd4 Qe7 29. Ne2 Ne5 30. Rf4 Ng6 31. Rg4 Ne5 32. Rg3 c5 33. Qd2 Nd3 34. Rg4 Rae8 35. Nf4 Kh7 36. Ng6 Qd6 37. Nxf8+ Rxf8 38. Qe2 Qe5 39. Qf3 Nxb2 40. Rf4 c3 41. Rf5 Qe7 42. e5 c2 43. Qe4 Nc4 44. Rxf6+ Kg8 45. Rxf8+ Qxf8 46. Rxf8+ Kxf8 47. Qxc2 Nxe3 48. Qe4 Nc4 49. e6 Ke7 50. Qg6 Ne5 51. Qxg7+ Kd6 52. Qxe5+ Kxe5 53. e7 c4 54. e8=Q+ Kxd5 55. Qd7+ Kc5 56. g4 c3 57. g5 hxg5 58. hxg5 c2 59. Qc7+ 1-0


[Site "https://www.chess.com"]

[Event "Titled Tuesday Blitz April 11 Early 2023"]
[White "Tqebuchava, Zurab"]
[Black "Reefat, Bin-Sattar"]
[WhiteFideId "13601113"]
[BlackFideId "10200207"]
[WhiteElo "2203"]
[BlackElo "2462"]
[Result "0-1"]
[Round "03"]
[TimeControl "180+2"]
[Date "2023.04.11"]
[WhiteClock "0:00:02"]
[BlackClock "0:00:04"]

1. Nf3 d5 2. c4 d4 3. d3 c5 4. e3 Nc6 5. exd4 cxd4 6. g3 e5 7. Bg2 Bd6 8. O-O Nge7 9. Re1 O-O 10. a3 a5 11. b3 h6 12. Qc2 f5 13. c5 Bc7 14. Nbd2 g5 15. Nc4 Ng6 16. Bd2 Kh7 17. h3 Be6 18. b4 axb4 19. axb4 Rxa1 20. Rxa1 e4 21. dxe4 d3 22. Qc3 fxe4 23. Nh2 Nd4 24. Kf1 Ne2 25. Qb3 Nxg3+ 26. Kg1 Ne2+ 27. Kh1 Nd4 28. Qc3 Rxf2 29. Nd6 Bxd6 30. Qxd4 Bxh3 31. Qxf2 Bxg2+ 32. Kxg2 Be5 33. Ra7 Qd5 34. Kg1 Bd4 35. Be3 Bxe3 36. Qxe3 d2 0-1


[Site "https://www.chess.com"]

[Event "Titled Tuesday Blitz April 11 Early 2023"]
[White "Szyszylo, Rafal"]
[Black "mrithyunjay"]
[WhiteFideId "1109626"]
[WhiteElo "1951"]
[BlackElo "2183"]
[Result "1-0"]
[Round "03"]
[TimeControl "180+2"]
[Date "2023.04.11"]
[WhiteClock "0:00:06"]
[BlackClock "0:01:37"]

1. e4 e5 2. Nf3 Nc6 3. Bb5 Nf6 4. d3 Bc5 5. c3 d5 6. Qe2 dxe4 7. dxe4 O-O 8. O-O Bg4 9. h3 Bxf3 10. Qxf3 Qe8 11. Bg5 Be7 12. Nd2 Nd4 13. Bxe8 Nxf3+ 14. Nxf3 Rfxe8 15. Bxf6 Bxf6 16. Rfd1 Rad8 17. Kf1 g6 18. Ke2 Be7 19. Rxd8 Bxd8 20. Rd1 f5 21. Ke3 f4+ 22. Ke2 Bf6 23. Rd7 Rc8 24. g4 h6 25. h4 g5 26. hxg5 hxg5 27. Kd3 b5 28. Rd5 c6 29. Rd7 a5 30. c4 Kf8 31. b3 Ke8 32. Rb7 Rd8+ 33. Kc2 bxc4 34. bxc4 Ra8 35. Rc7 Ra6 36. c5 a4 37. Kc3 Kd8 38. Rf7 Be7 39. Kc4 1-0


[Site "https://www.chess.com"]

[Event "Titled Tuesday Blitz April 11 Early 2023"]
[White "Ciuffoletti, Paolo"]
[Black "Mazarini41"]
[WhiteFideId "807630"]
[WhiteElo "2143"]
[BlackElo "2414"]
[Result "0-1"]
[Round "03"]
[TimeControl "180+2"]
[Date "2023.04.11"]
[WhiteClock "0:00:03"]
[BlackClock "0:00:34"]

1. e4 e6 2. d4 d5 3. e5 c5 4. c3 Nc6 5. Nf3 Qb6 6. a3 Nh6 7. Bd3 Nf5 8. Bxf5 exf5 9. dxc5 Bxc5 10. O-O Be6 11. b4 Be7 12. Be3 Qc7 13. Re1 O-O 14. Bf4 Rfd8 15. Nbd2 a5 16. Nb3 d4 17. Nbxd4 Nxd4 18. cxd4 axb4 19. axb4 Bxb4 20. Rxa8 Rxa8 21. d5 Bxe1 22. dxe6 fxe6 23. Qxe1 Qc4 24. Bd2 b5 25. h3 h6 26. Qe3 b4 27. Qb6 b3 28. Nd4 Ra2 29. Nxe6 Rxd2 30. Qb8+ Kf7 31. Nd8+ Ke7 32. Nb7 Rd1+ 0-1


[Site "https://www.chess.com"]

[Event "Titled Tuesday Blitz April 11 Early 2023"]
[White "Kowalysko, Roman"]
[Black "DIM90"]
[WhiteFideId "30918510"]
[WhiteElo "2176"]
[BlackElo "2407"]
[Result "1/2-1/2"]
[Round "03"]
[TimeControl "180+2"]
[Date "2023.04.11"]
[WhiteClock "0:01:11"]
[BlackClock "0:01:22"]

1. e4 e5 2. Nc3 Nf6 3. Nf3 Bb4 4. Nxe5 O-O 5. Be2 Re8 6. Nd3 Bxc3 7. dxc3 Nxe4 8. O-O d5 9. Nf4 c6 10. Be3 Bf5 11. c4 dxc4 12. Bxc4 Nd7 13. Qh5 Qf6 14. Bd4 Qxd4 15. Qxf7+ Kh8 16. Qxf5 Re5 17. Qf7 Rf8 18. Rad1 Rxf7 19. Rxd4 Rxf4 20. Rxd7 h6 21. Bd3 Rf8 22. Bxe4 Rxe4 23. Rxb7 Re2 24. Rxa7 Rxc2 25. b3 c5 26. g3 Rd8 27. Kg2 Rdd2 28. Ra5 c4 29. bxc4 Rxc4 30. Ra1 Rcc2 31. Rf5 Rxa2 32. Rxa2 Rxa2 33. Rb5 Ra7 34. h3 Kh7 35. Rb2 h5 36. f4 Kh6 37. Rb3 Ra6 38. Kf3 Re6 39. g4 hxg4+ 40. hxg4 Rc6 41. Ra3 Kh7 42. Ra4 Rb6 43. Ke4 Re6+ 44. Kf5 Rf6+ 45. Kg5 Rg6+ 46. Kh4 Rh6+ 47. Kg3 Rb6 48. g5 Kg6 49. Kg4 Rb1 50. f5+ Kh7 51. Ra3 Rg1+ 52. Rg3 Ra1 53. g6+ Kg8 54. Rb3 Ra8 55. Kg5 Rc8 56. Rb7 Rd8 57. Ra7 Rc8 58. Rd7 Re8 59. Rc7 Rb8 60. Ra7 Rc8 61. f6 Rc5+ 62. Kf4 gxf6 63. Rf7 Rc6 64. Kf5 Ra6 65. Rxf6 Rxf6+ 66. Kxf6 Kf8 67. g7+ Kg8 68. Ke7 Kxg7 1/2-1/2


[Site "https://www.chess.com"]

[Event "Titled Tuesday Blitz April 11 Early 2023"]
[White "Kujawski, Adam"]
[Black "Dahlgren, James Allen"]
[WhiteFideId "1100920"]
[BlackFideId "22256873"]
[WhiteElo "2054"]
[BlackElo "2174"]
[Result "1-0"]
[Round "03"]
[TimeControl "180+2"]
[Date "2023.04.11"]
[WhiteClock "0:01:08"]
[BlackClock "0:00:08"]

1. e4 e6 2. d4 c5 3. d5 Nf6 4. Nc3 exd5 5. exd5 d6 6. h3 g6 7. Nf3 Bg7 8. Be2 O-O 9. O-O a6 10. a4 Nbd7 11. Nd2 Re8 12. a5 b5 13. axb6 Nxb6 14. Nc4 Nxc4 15. Bxc4 Bb7 16. Be3 Ne4 17. Nxe4 Rxe4 18. b3 Bxa1 19. Qxa1 f6 20. Rd1 Qe7 21. Kh1 Re8 22. Qa5 f5 23. Qb6 f4 24. Bxc5 Re1+ 25. Rxe1 Qxe1+ 26. Kh2 dxc5 27. d6+ Kf8 28. d7 Qe7 29. dxe8=Q+ Kxe8 30. Bxa6 Bxa6 31. Qxa6 Qe5 32. Qc6+ Kf7 33. Qf3 Qd4 34. h4 h6 35. g3 g5 36. hxg5 hxg5 37. Qh5+ Kf6 38. Qh8+ Kf5 39. Qxd4 cxd4 40. gxf4 gxf4 41. f3 Ke5 42. Kh3 d3 43. cxd3 Kd4 44. Kg4 Kxd3 45. Kxf4 1-0


[Site "https://www.chess.com"]

[Event "Titled Tuesday Blitz April 11 Early 2023"]
[White "rionelG"]
[Black "Van Osch, Mees"]
[BlackFideId "1035967"]
[WhiteElo "2174"]
[BlackElo "2324"]
[Result "0-1"]
[Round "03"]
[TimeControl "180+2"]
[Date "2023.04.11"]
[WhiteClock "0:00:04"]
[BlackClock "0:00:16"]

1. e4 c5 2. g3 b6 3. Bg2 Bb7 4. d3 g6 5. Nf3 Bg7 6. O-O d5 7. Nbd2 Nf6 8. Re1 dxe4 9. Ng5 O-O 10. Ngxe4 Nxe4 11. Nxe4 Nc6 12. h4 Qd7 13. h5 Rad8 14. hxg6 hxg6 15. Bg5 Bxb2 16. Bh6 Rfe8 17. Rb1 Bg7 18. Qc1 Qf5 19. Bxg7 Kxg7 20. Qa3 Rh8 21. Nxc5 Ba8 22. Qc3+ Nd4 23. Nb3 Qh5 24. Re4 Bxe4 25. Bxe4 e5 26. Nxd4 exd4 27. Qc7 Rde8 28. Qd6 Rxe4 0-1


[Site "https://www.chess.com"]